 Dungeon Crawl Stone Soup version 0.28.0-45-g0d030f2227 (webtiles) character file.

Game seed: 8672574817116788768

450 MisterFreud the Changer (level 6, -24/52 HPs)
             Began as a Draconian Transmuter on Apr 21, 2022.
             Killed from afar by a gnoll (27 damage)
             ... with a bolt of acid
             ... on level 4 of the Dungeon.
             The game lasted 00:04:47 (3271 turns).

MisterFreud the Changer (Draconian Transmuter)      Turns: 3271, Time: 00:04:48

Health: -24/52     AC: -1    Str: 13    XL:     6   Next: 74%
Magic:  6/9        EV: 12    Int: 15    God:
Gold:   76         SH:  0    Dex: 11    Spells: 3/9 levels left

rFire   . . .      SeeInvis .     - Unarmed
rCold   . . .      Faith    .   (no shield)
rNeg    . . .      Spirit   .   (armour unavailable)
rPois   .          Reflect  .   (helmet currently unavailable)
rElec   .          Harm     .   f - scarf {+Inv}
rCorr   .          Rampage  .   l - +0 pair of gloves
Will    .....                   (boots currently unavailable)
Stlth   +.........              (no amulet)
HPRegen 0.17/turn               (no ring)
MPRegen 0.11/turn               (no ring)

@: appendages, corroded, attractive, very slightly contaminated
A: horns 2, talons 2, AC +6, unfitting armour, cold-blooded
a: End Transformation, Evoke Invisibility


You were on level 4 of the Dungeon.
You had temporarily grown beastly horns and talons.
You visited 1 branch of the dungeon, and saw 4 of its levels.

You collected 76 gold pieces.

Inventory:

Missiles
 m - a throwing net
Armour
 f - a scarf of invisibility (worn)
 l - a +0 pair of gloves (worn)
Scrolls
 b - 2 scrolls of enchant weapon {unknown}
 d - 2 scrolls of blinking {unknown}
 e - 2 scrolls of teleportation {unknown}
 h - 3 scrolls of identify {unknown}
 i - a scroll of acquirement {unknown}
 n - a scroll of magic mapping {unknown}
Potions
 a - a potion of attraction
 c - a potion of brilliance {unknown}
 g - 2 potions of might {unknown}
 j - a potion of mutation {unknown}
 k - 2 potions of curing


   Skills:
 - Level 4.0 Fighting
 - Level 1.7 Dodging
 + Level 4.9 Unarmed Combat
 - Level 2.0 Spellcasting
 - Level 5.0 Transmutations


You had 3 spell levels left.
You knew the following spells:

 Your Spells              Type           Power      Damage    Failure   Level
a - Beastly Appendage     Tmut           32%        N/A       2%          1
b - Wereblood             Tmut           16%        N/A       4%          2
c - Spider Form           Tmut/Pois      9%         N/A       24%         3

Your spell library contained the following spells:

 Spells                   Type           Power      Damage    Failure   Level
 Sting                    Tmut/Pois      36%        1d4       8%          1
 Poisonous Vapours        Pois/Air       2%         N/A       32%         2
 Ignite Poison            Fire/Tmut/Pois 6%         N/A       34%         3
 Conjure Flame            Conj/Fire      1%         6-21      54%         3
 Ice Form                 Ice/Tmut       9%         N/A       61%         4
 Olgreb's Toxic Radiance  Pois           1%         N/A       91%         4
 Sticky Flame             Conj/Fire      1%         2d3       91%         4


Dungeon Overview and Level Annotations

Branches:
Dungeon (4/15)
 Temple: D:4-7

Altars:

Shops:
D:1 !


Innate Abilities, Weirdness & Mutations

You have temporarily grown beastly horns and talons.
Your plain brown scales are hard. (AC +6)
You cannot fit into any form of body armour.
You are cold-blooded and may be slowed by cold attacks.


Message History

The gnoll is heavily wounded.
The gnoll closely misses you.
A gnoll is nearby!
You hit the gnoll but do no damage. Your kick misses the gnoll.
The gnoll is heavily wounded.
The gnoll misses you.
A gnoll is nearby!
You completely miss the gnoll. Your headbutt misses the gnoll.
You tail-slap the gnoll, but do no damage.
The gnoll is heavily wounded.
The gnoll zaps a wand.
The bolt of acid hits you!! The acid corrodes you!
A gnoll is nearby!
A gnoll is nearby!
You are too injured to fight recklessly!
Unknown command.
Casting: Beastly Appendage (safe; 2% risk of failure)
Confirm with . or Enter, or press ? or * to list all spells.
You miscast Spider Form.
You are very lightly contaminated with residual magic.
You feel odd.
You are poisoned.
* * * LOW HITPOINT WARNING * * *
You feel sick. The gnoll barely misses you.
Unknown command.
Unknown command.
Unknown command.
It was a potion of attraction.
You feel attractive to monsters.
You feel sick. The gnoll hits you with a +0 flail!
* * * LOW HITPOINT WARNING * * *
It was a potion of curing.
You feel better. The gnoll hits you with a +0 flail.
* * * LOW HITPOINT WARNING * * *
Unknown command.
Unknown command.
Unknown command.
The gnoll zaps a wand.
The bolt of acid misses you. The gnoll is attracted toward you.
The gnoll zaps a wand.
The bolt of acid hits you!!
Ouch! That really hurt!
You die...

#..............# ...
#..##.#######.##....
#..##.#..............
#..'..#.#............
#..#..#..#......#....
##ยง#...#....#.....
##g#....#..#......
#..#(....#........
##.@......#.#.#.#
#......#......
#......#..#....
+....)#.......#
###.......#..#
##....(... ....#..##
....####


You could see a gnoll.

Vanquished Creatures
  A sky beast (D:3)
  A necrophage (D:3)
  A phantom (D:4)
  A scorpion (D:4)
  6 gnolls
  2 adders
  2 dart slugs
  4 ball pythons
  7 endoplasms
  3 giant cockroaches
  6 hobgoblins
  4 jackals (D:3)
  4 quokkas
  2 bats
  A frilled lizard (D:3)
  5 goblins
  3 kobolds
  5 rats
58 creatures vanquished.

Notes
Turn   | Place    | Note
-------+----------+-------------------------------------------
     0 | D:1      | MisterFreud the Draconian Transmuter began the quest for
                  | the Orb.
     0 | D:1      | Reached XP level 1. HP: 16/16 MP: 3/3
   198 | D:1      | Found Tapluh's Distillery.
   413 | D:1      | Reached XP level 2. HP: 18/23 MP: 3/5
   710 | D:1      | Found a faded altar of an unknown god.
   721 | D:1      | Reached skill level 3 in Transmutations
  1036 | D:1      | Reached XP level 3. HP: 12/28 MP: 6/6
  1039 | D:1      | Learned a level 2 spell: Wereblood
  1043 | D:1      | Learned a level 3 spell: Spider Form
  1258 | D:2      | Reached skill level 4 in Transmutations
  1777 | D:2      | Reached XP level 4. HP: 35/35 MP: 5/7
  2313 | D:3      | Noticed a necrophage
  2323 | D:3      | Killed a necrophage
  2324 | D:3      | Reached skill level 5 in Transmutations
  2324 | D:3      | Reached XP level 5. HP: 45/45 MP: 8/8
  2464 | D:3      | Noticed a sky beast
  2516 | D:3      | Killed a sky beast
  2517 | D:3      | Reached XP level 6. HP: 40/52 MP: 6/9
  3266 | D:4      | HP: 2/52 [gnoll/+0 flail (7)]
  3271 | D:4      | Killed from afar by a gnoll

Illustrated notes

Levels and vault maps discovered:
D:1:      dpeg_arrival_tiny_c, layout_basic, serial_shops,
          nicolae_lakefront_shop, ebering_ecumenical_altar_abandoned
D:2:      layout_basic, chequers_serial_rivers_micro_c, minmay_misc_feat_rows,
          minivault_19
D:3:      layout_basic
D:4:      layout_gridville, hangedman_decor_opposing, minmay_misc_feat_room,
          chequers_serial_rivers_large_b, uniq_pikel

Skill      XL: |  1  2  3  4  5  6 |
---------------+-------------------+-----
Transmutations | 3 4 5 |  5.0
Fighting       | 3 4 |  4.0
Unarmed Combat | 4 |  4.9
Dodging        | |  1.7
Spellcasting   | |  2.0

Action                   |  1- 3 |  4- 6 || total
-------------------------+-------+-------++-------
Melee: Unarmed           |    96 |   105 ||   201
       Kick              |    19 |    16 ||    35
       Headbutt          |    11 |    13 ||    24
       Tailslap          |    14 |     6 ||    20
       Punch             |       |     1 ||     1
 Cast: Beastly Appendage |    20 |    18 ||    38
       Spider Form       |       |     4 ||     4
  Use: Potion            |       |     2 ||     2
 Stab: Sleeping          |     1 |       ||     1
Armor: Skin              |    21 |    26 ||    47
Dodge: Dodged            |    52 |    65 ||   117
